Map: Dusk Towers

Players

LilDicky

  • Race: Terran Terran
  • League: Diamond

Nebulous - Winner!

  • Race: Protoss Protoss
  • League: Diamond

VOD

http://www.twitch.tv/tumescentpie

Description

Time

  • Played on: Dec. 8, 2015, 9:15 p.m.
  • Length: 6:18
Show
View Real Time Build Order
Export as new Build Order

LilDicky Terran 

Build Orders: MMM Bio 

Get SALT Encoding   

  12  0:02  SCV  
  13  0:15  SCV  
  13  0:19  Supply Depot  
  14  0:27  SCV  
  15  0:36  Refinery  
  15  0:41  SCV  
  16  0:46  Barracks  
  16  0:53  SCV  
  18  1:21  SCV  
  19  1:40  SCV  
  19  1:48  Supply Depot, Marine  
  19  1:50  Factory  
  21  1:55  Orbital Command  
  20  2:10  Marine  
  21  2:17  Barracks  
  21  2:21  Barracks  
  21  2:22  SCV  
  22  2:28  Refinery  
  22  2:34  SCV  
  23  2:42  Barracks Reactor  
  23  2:46  SCV  
  23  2:47  Supply Depot, Widow Mine  
  26  2:58  SCV  
  26  3:05  Barracks Tech Lab  
  27  3:07  Barracks Tech Lab  
  27  3:10  SCV  
  27  3:23  SCV  
  27  3:25  Stimpack  
  30  3:29  Marine x2  
  30  3:30  Combat Shields, Marine x2  
  34  3:46  SCV, Marine x2  
  34  3:48  Marauder, Marine  
  38  3:52  Starport  
  38  3:57  Supply Depot  
  38  3:58  SCV  
  39  4:18  Supply Depot, SCV, Marine x2  
  39  4:19  Marauder x2  
  46  4:34  SCV  
  46  4:35  Medivac  
  47  4:39  Marine  
  47  4:40  Marauder x2  
  52  4:51  Marine  
  53  4:56  Supply Depot  
  53  5:08  Medivac  
  53  5:13  Marine  
  53  5:14  Marauder x2  
  60  5:21  Marine  
  61  5:24  SCV  
  61  5:27  Concussive Shells  
  62  5:35  Marauder x2  
Show
View Real Time Build Order
Export as new Build Order

Nebulous Protoss - Winner!

Build Orders: 1 Gate Expand 

Get SALT Encoding   

  12  0:01  Probe (Chrono Boost)  
  13  0:11  Probe (Chrono Boost)  
  14  0:17  Pylon  
  14  0:22  Probe (Chrono Boost)  
  15  0:35  Probe (Chrono Boost)  
  16  0:37  Gateway  
  16  0:43  Assimilator  
  16  0:46  Probe (Chrono Boost)  
  17  0:56  Probe (Chrono Boost)  
  18  1:07  Probe (Chrono Boost)  
  19  1:25  Nexus  
  19  1:35  Probe (Chrono Boost)  
  20  1:42  Cybernetics Core  
  20  1:50  Assimilator  
  20  1:55  Pylon  
  20  2:06  Probe (Chrono Boost)  
  20  2:20  Mothership Core (Chrono Boost), Adept (Chrono Boost)  
  20  2:21  Warp Gate  
  24  2:36  Probe (Chrono Boost)  
  25  2:38  Probe (Chrono Boost)  
  25  2:42  Pylon  
  26  2:47  Adept (Chrono Boost)  
  26  2:49  Probe  
  29  3:01  Probe  
  30  3:11  Stalker (Chrono Boost)  
  32  3:13  Probe  
  32  3:14  Pylon  
  33  3:26  Robotics Facility  
  33  3:31  Probe  
  33  3:33  Probe  
  35  3:44  Stalker (Chrono Boost)  
  35  3:45  Probe  
  38  3:51  Probe  
  38  3:52  Gateway  
  39  4:02  Probe  
  39  4:05  Probe  
  41  4:12  Probe  
  41  4:14  Observer (Chrono Boost)  
  43  4:17  Probe  
  43  4:20  Gateway  
  43  4:22  Gateway  
  44  4:25  Probe  
  44  4:29  Probe  
  46  4:33  Assimilator  
  46  4:36  Probe  
  46  4:37  Assimilator  
  48  4:39  Observer (Chrono Boost)  
  49  4:45  Probe  
  49  4:46  Probe  
  49  4:48  Stalker  
  52  4:57  Probe  
  53  5:00  Forge  
  53  5:01  Forge  
  53  5:04  Probe  
  53  5:06  Observer (Chrono Boost)  
  55  5:10  Stalker  
  55  5:12  Stalker  
  59  5:16  Stalker  
  61  5:21  Pylon  
  61  5:40  Stalker x3  
  61  5:41  Stalker  
  54  6:06  Probe  
Tags
 
Add a new tag
Caveats
  • Supply blocks, unpowered buildings, or Contaminate may cause inaccurate times.
  • Supply counts are checked every 10 seconds.